 Dungeon Crawl Stone Soup version 0.31.0-7-gf635a9b802 (webtiles) character file.

Game seed: 2723852439948156149

44 zenocrate the Sneak (level 3, -1/16 HPs)
             Began as a Vine Stalker Enchanter on Jan 23, 2024.
             Slain by Crazy Yiuf
             ... wielding a +3 quarterstaff of chaos
              (10 damage)
             ... on level 2 of the Dungeon.
             The game lasted 00:01:19 (1920 turns).

zenocrate the Sneak (Vine Stalker Enchanter)        Turns: 1920, Time: 00:01:19

Health: -1/16      AC:  2    Str: 10    XL:     3   Next: 62%
Magic:  0/7        EV: 12    Int: 15    God:
Gold:   106        SH:  0    Dex: 16    Spells: 1/6 levels left

rFire   . . .        a - +1 dagger
rCold   . . .        (no shield)
rNeg    . . .        g - +0 robe
rPois   .            (no helmet)
rElec   .            (no cloak)
rCorr   .            (no gloves)
SInv    .            (no boots)
Will    .....        (no amulet)
Stlth   +++          (no ring)
HPRegen 1.02/turn    (no ring)
MPRegen 0.10/turn

%: guardian spirit
@: very slightly contaminated, slowed, very slow
A: fangs 2, regeneration 1, magic shield, antimagic bite, no potion heal 2
a: no special abilities


You were on level 2 of the Dungeon.
You visited 1 branch of the dungeon, and saw 2 of its levels.

You collected 106 gold pieces.

Inventory:

Hand Weapons
 a - a +1 dagger (weapon)
 b - the +0 dagger of Putrescence {freeze, Dex+3}
   (You found it on level 2 of the Dungeon)

   Dex+3:     It affects your dexterity (+3).
Armour
 g - a +0 robe (worn)
Scrolls
 d - a scroll of acquirement {unknown}
 f - 2 scrolls of amnesia {unknown}
 j - a scroll of teleportation {unknown}
Potions
 c - 3 potions of invisibility
 e - 3 potions of curing {unknown}
 h - 2 potions of haste {unknown}
 i - a potion of magic {unknown}


   Skills:
 + Level 1.4 Short Blades
 * Level 2.2 Dodging
 + Level 4.0 Stealth
 - Level 2.1 Spellcasting
 + Level 3.3 Hexes
 + Level 0.7 Ice Magic


You had one spell level left.
You knew the following spells:

 Your Spells              Type           Power      Damage    Failure   Level
a - Ensorcelled Hibernat  Hex/Ice        14%        N/A       14%         2
b - Confusing Touch       Hex            11%        N/A       17%         3

Your spell library contained the following spells:

 Spells                   Type           Power      Damage    Failure   Level
 Tukima's Dance           Hex            11%        N/A       17%         3
 Dazzling Flash           Conj/Hex       12%        N/A       32%         3


Dungeon Overview and Level Annotations

Branches:
Dungeon (2/15)

Altars:

Annotations:
D:2 Crazy Yiuf


Innate Abilities, Weirdness & Mutations

You have extremely sharp teeth.
Your natural rate of healing is unusually fast.
When hurt, damage is shared between your health and your magic reserves.
Your bite disrupts and absorbs the magic of your enemies.
Potions cannot restore your health.


Message History

Could not explore, unopened runed door.
You open the door.
Crazy Yiuf says, "Hah tortoise blue!"
Casting: Ensorcelled Hibernation (safe; 14% risk of failure)
Confirm with . or Enter, or press ? or * to list all spells.
Aiming: Ensorcelled Hibernation (safe; 14% risk of failure)
Press: ? - help, Shift-Dir - straight line, f - Crazy Yiuf
Aim: Crazy Yiuf, wielding a +3 quarterstaff of chaos and wearing a +0 cloak (chance to affect: 50%) Crazy Yiuf resists with some effort.
Crazy Yiuf whimpers, "East pizzabubble sow!"
Casting: Ensorcelled Hibernation (safe; 14% risk of failure)
Confirm with . or Enter, or press ? or * to list all spells.
Aiming: Ensorcelled Hibernation (safe; 14% risk of failure)
Press: ? - help, Shift-Dir - straight line, f/p - Crazy Yiuf
Aim: Crazy Yiuf, wielding a +3 quarterstaff of chaos and wearing a +0 cloak (chance to affect: 50%)
You miscast Ensorcelled Hibernation.
You are very lightly contaminated with residual magic.
Nothing appears to happen.
Unknown command.
Casting: Ensorcelled Hibernation (safe; 14% risk of failure)
Confirm with . or Enter, or press ? or * to list all spells.
Aiming: Ensorcelled Hibernation (safe; 14% risk of failure)
Press: ? - help, Shift-Dir - straight line, f/p - Crazy Yiuf
Aim: Crazy Yiuf, wielding a +3 quarterstaff of chaos and wearing a +0 cloak (chance to affect: 50%) Crazy Yiuf resists with some effort.
Crazy Yiuf misses you.
Unknown command.
Casting: Ensorcelled Hibernation (safe; 14% risk of failure)
Confirm with . or Enter, or press ? or * to list all spells.
You don't have enough magic to cast this spell.
Unknown command.
You hit Crazy Yiuf but do no damage. Your bite misses Crazy Yiuf.
Crazy Yiuf hits you with a +3 quarterstaff of chaos!
Ouch! That really hurt!
You feel yourself slow down.
Unknown command.
Crazy Yiuf yells, "Mugger shoe sow!"
Crazy Yiuf attacks as he pursues you!
Crazy Yiuf hits you with a +3 quarterstaff of chaos!
Ouch! That really hurt!
You die...

####.###..###########....#8.#..#.
#.# #..# #....#..'..#. ####.#
#..# ##### ####.#8.#..#8 .....#
#..# #)..# #..'.####.### ######
#..# #...# ####.#....... ####
#..# ... #.##.........
...#####..# #'# #..#.######..
..........# #g## ##...#..._#.#
##.######## ##@# ##..##'###.#
.#.# ##### #.## #..#......# .#.#
#...# ##.# ###..#.....#.
.#.####...# ##.## #.<..#######.
.#........# ##...# #..[..###.##.
.#........# #....# #.....'......
.#......### #....# #.....###....
.'......'.####....###.....# ###..
##......#...#....###......# #..


You could see Crazy Yiuf.

Vanquished Creatures
  3 endoplasms
  3 giant cockroaches
  4 goblins
  6 hobgoblins
  3 jackals (D:1)
  A kobold (D:1)
  A quokka (D:1)
  6 ball pythons
  3 bats
  4 frilled lizards
  5 rats
39 creatures vanquished.

Notes
Turn   | Place    | Note
-------+----------+-------------------------------------------
     0 | D:1      | zenocrate the Vine Stalker Enchanter began the quest for
                  | the Orb.
     0 | D:1      | Reached XP level 1. HP: 9/9 MP: 4/4
   100 | D:1      | Reached skill level 1 in Short Blades
   211 | D:1      | Reached XP level 2. HP: 10/13 MP: 1/6
   223 | D:1      | Learned a level 2 spell: Ensorcelled Hibernation
   442 | D:1      | Reached XP level 3. HP: 16/16 MP: 7/7
   446 | D:1      | Learned a level 3 spell: Confusing Touch
   813 | D:1      | Reached skill level 4 in Stealth
  1113 | D:2      | Identified the +0 dagger of Putrescence {freeze, Dex+3}
  1491 | D:2      | Found a runed translucent door.
  1492 | D:2      | Noticed Crazy Yiuf
  1599 | D:2      | Found a faded altar of an unknown god.
  1920 | D:2      | Slain by Crazy Yiuf

Illustrated notes

Levels and vault maps discovered:
D:1:      wheals_arrival_linesprint, layout_loops_ring,
          nicolae_figureground_sparkle
D:2:      layout_basic, shapermc_ecumenical_altar_mp_vishouse,
          uniq_crazy_yiuf_cottage

Skill      XL: |  1  2  3 |
---------------+----------+-----
Short Blades   | 1 |  1.4
Dodging        | 2 |  2.2
Stealth        | 4 |  4.0
Spellcasting   | |  2.1
Hexes          | |  3.3
Ice Magic      | |  0.7

Action                     || total
---------------------------++-------
  Melee: Dagger            ||   106
         Bite              ||    22
         Punch             ||     3
   Cast: Ensorcelled Hiber ||     5
   Stab: Sleeping          ||     9
 Armour: Robe              ||    47
  Dodge: Dodged            ||    62
